amateurhour, chaotic male human Monk -- --- ..| -..-- -...| ....--....| ..........| ----*.........-- .....^.........| -.............- --...G........- |..fh.........| --.@.......h..| ---------- --- amateurhour the Novice Experience level: 4 Strength: 16 Dexterity: 15 Constitution: 14 Intelligence: 8 Wisdom: 11 Charisma: 11 Health: 0(36) Energy: 17(25) Def: 12 Gold: 188 Moves: 884 Dungeon seed: yb1tY4zYNiKSWY6K Game ID: amateurhour_1598202924 Your Inventory: Coins $ - 188 gold pieces Weapons s - 8 uncursed +0 darts Armor e - an uncursed +2 pair of leather gloves (being worn) n - an uncursed +1 robe (being worn) Y - an uncursed +0 Hawaiian shirt Comestibles d - 4 uncursed food rations f - 5 uncursed apples g - 7 uncursed oranges h - 3 uncursed fortune cookies k - 2 uncursed tripe rations p - an uncursed tin of male sewer rat meat Scrolls b - an uncursed scroll of confuse monster l - an uncursed scroll of summoning t - an uncursed scroll of punishment w - a blessed scroll of identify Spellbooks j - an uncursed spellbook of healing m - an uncursed spellbook of magic missile A - an uncursed spellbook of force bolt Potions c - 3 uncursed potions of healing u - an uncursed potion of oil Wands o - an uncursed wand of light (0:15) Tools i - an uncursed oil lamp (0:1118) Gems q - an uncursed worthless piece of yellow glass r - an uncursed worthless piece of blue glass y - an uncursed worthless piece of green glass z - an uncursed emerald N - an uncursed worthless piece of violet glass Spells and supernatural/magical abilities: Name Level Category Cost Memory p - protection 1 clerical 5pw 100% W - pray for help -- divine ? -- Your skills at the end: Fighting Skills martial arts [Basic] wands [Basic] Weapon Skills Spellcasting Skills healing spells [Basic] Final Attributes: You were piously aligned. You were immune to sleep. You were poison resistant. You saw invisible. You were protected. You were fast. Huan Ti was noncommittal. You are dead. Vanquished creatures: a large mimic 4 giant rats a green mold 3 jackals a sewer rat 2 grid bugs 2 lichens 2 newts 16 creatures vanquished. Voluntary challenges: You followed a strict vegan diet. You were an atheist. You never hit with a wielded weapon. You read items or engraved 3 times, starting on turn 751. You never genocided any monsters. You never polymorphed an object. You never changed form. You used no wishes. You never split a pudding. You never wrote Elbereth's name. You never violated your personal moral code. Dungeon overview: The Dungeons of Doom: levels 1 to 3 Level 1 an altar to Chih Sung-tzu a long staircase Level 2 a fountain stairs to The Gnomish Mines Level 3 a general store, a fountain The Gnomish Mines: Level 3 <- You were here stairs to The Dungeons of Doom History has recorded: On T:1 you entered the Dungeons of Doom to retrieve the Amulet of Yendor! On T:181 you reached level 2 of The Dungeons of Doom. On T:470 you reached level 1 of The Gnomish Mines. On T:556 you reached level 3 of The Dungeons of Doom. On T:719 you advanced to experience level 2. On T:766 you advanced to experience level 3. On T:815 you advanced to experience level 4. Score breakdown: Gold: 188 ( 7743 points) Experience: 4 levels ( 9649 points) Exploration: 3 levels ( 5.77%) ( 5940 points) Discoveries: 2 items ( 0.70%) ( 2517 points) Valuables value: (no points given unless you survive) Artifact value: 0 ( 0 points) Variety of kills: 8 monsters ( 2.11%) ( 4352 points) Turncount: 884 turns ( 0 points) Survival: died (score multiplied by 80%) Total score: 24160 Latest messages: The golden haze around you becomes more dense. You miss the dwarf king. (2x) You hit the dwarf king! You miss the dwarf king. The dwarf king thrusts his broad short sword at you. The dwarf king misses. The dwarf king thrusts his broad short sword at you. The dwarf king misses. You miss the dwarf king. The dwarf hurls a puce potion! The bottle crashes on your head and breaks into shards. You yawn. It must be a potion of sleeping. You hit the dwarf king! You miss the dwarf king. The dwarf king thrusts his broad short sword at you. The dwarf king misses. The dwarf king thrusts his broad short sword at you. The dwarf king hits! You die... Final status: Goodbye amateurhour the Monk, killed by a dwarf king... You died in The Gnomish Mines on dungeon level 3 with 24160 points, and 188 pieces of gold, after 884 moves. You were level 4 with a maximum of 36 hit points when you died.